 Dungeon Crawl Stone Soup version 0.23.1 (webtiles) character file.

Game seed: 0

54222 night the Black Belt (level 14, -12/98 HPs)
             Began as a Demonspawn Monk on Mar 15, 2019.
             Was the Champion of Cheibriados.
             Mangled by a dire elephant (26 damage)
             ... on level 6 of the Lair of Beasts.
             The game lasted 01:06:27 (22393 turns).

night the Black Belt (Demonspawn Monk)             Turns: 22393, Time: 01:06:28

Health: -12/98     AC: 30    Str: 27    XL:     14   Next: 33%
Magic:  0/21       EV: 18    Int: 37    God:    Cheibriados [******]
Gold:   748        SH:  0    Dex: 35    Spells: 13/13 levels left

rFire    . . .     SeeInvis +     - Unarmed
rCold    + + .     Gourm    .   (no shield)
rNeg     . . .     Faith    .   V - +4 scale mail {rC+}
rPois    +         Spirit   +   K - +2 helmet {SInv}
rElec    .         Reflect  .   I - +2 cloak {rPois}
rCorr    .         Harm     .   (no gloves)
MR       +....                  D - +2 pair of boots
Stlth    +++.......             x - amulet of guardian spirit
HPRegen  0.26/turn              F - +5 ring of intelligence
MPRegen  0.17/turn              O - +3 ring of protection

@: agile, very slow
A: talons 1, icy blue scales 3, powered by pain 2, spiny 1
a: Bend Time, Temporal Distortion, Slouch, Step From Time, Renounce Religion


You were on level 6 of the Lair of Beasts.
You worshipped Cheibriados.
Cheibriados was exalted by your worship.
You were not hungry.

You visited 3 branches of the dungeon, and saw 18 of its levels.
You also visited: Bailey and Volcano.

You collected 1216 gold pieces.
You spent 468 gold pieces at shops.

Inventory:

Hand Weapons
 b - a +2 shortbow of flaming
 l - a +0 hunting sling
Missiles
 d - 574 stones (quivered)
 n - 292 arrows
 q - 100 sling bullets
 v - a throwing net
 G - 70 tomahawks of returning
 T - 74 bolts
Armour
 u - a +0 scale mail
 z - a +0 pair of gloves
 D - a +2 pair of boots (worn)
 E - a +1 hat of intelligence
 I - a +2 cloak of poison resistance (worn)
 K - a +2 helmet of see invisible (worn)
 S - a +0 leather armour of fire resistance
 V - a +4 scale mail of cold resistance (worn)
Jewellery
 x - an amulet of guardian spirit (around neck)
 F - a +5 ring of intelligence (left hand)
 O - a +3 ring of protection (right hand)
 W - an uncursed amulet of magic regeneration
Wands
 h - a wand of flame (44)
 y - a wand of paralysis (21)
 A - a wand of polymorph (16)
 M - a wand of disintegration (15)
 P - a wand of enslavement (31)
 U - a wand of iceblast (12)
Scrolls
 c - 3 scrolls of enchant armour
 g - 4 scrolls of identify
 j - 2 scrolls of fear
 m - 2 scrolls of amnesia
 w - 6 scrolls of teleportation
 L - 5 scrolls of remove curse
 Q - a scroll of fog
Potions
 a - 6 potions of mutation
 e - 3 potions of lignification
 f - 2 potions of might {unknown}
 i - a potion of experience {unknown}
 k - 3 potions of agility
 o - 7 potions of curing
 p - 5 potions of brilliance
 r - 7 potions of heal wounds
 s - 5 potions of degeneration
 t - 2 potions of resistance {unknown}
 B - 2 potions of flight {unknown}
 H - 3 potions of berserk rage {unknown}
 J - 3 potions of magic
 R - a potion of cancellation {unknown}
 Y - a potion of invisibility
Miscellaneous
 N - a lightning rod (4/4)
Comestibles
 C - 38 rations
 X - 2 chunks of flesh


   Skills:
 - Level 5.4 Fighting
 + Level 10.5 Armour
 - Level 2.6 Dodging
 - Level 1.7 Stealth
 * Level 18.1 Unarmed Combat
 - Level 10.2 Invocations


You had 13 spell levels left.
You didn't know any spells.
Your spell library contained the following spells:

 Spells                   Type           Power        Failure   Level  Hunger
 Magic Dart               Conj           #...         12%         1    ##.....
 Shock                    Conj/Air       #...         12%         1    ##.....
 Summon Small Mammal      Summ           #...         12%         1    ##.....
 Call Imp                 Summ           #.......     17%         2    ###....
 Searing Ray              Conj           #.....       17%         2    ###....
 Swiftness                Chrm/Air       #.......     17%         2    ###....
 Call Canine Familiar     Summ           #.......     34%         3    ####...
 Dazzling Spray           Conj/Hex       #.....       34%         3    ####...
 Static Discharge         Conj/Air       #.......     34%         3    ####...
 Summon Guardian Golem    Hex/Summ       #.......     34%         3    ####...
 Airstrike                Air            #.........   75%         4    #####..
 Force Lance              Conj/Tloc      #.......     75%         4    #####..
 Fulminant Prism          Conj/Hex       #.........   75%         4    #####..
 Iskenderun's Mystic Bla  Conj           #.......     75%         4    #####..
 Summon Ice Beast         Ice/Summ       #.......     75%         4    #####..
 Summon Lightning Spire   Summ/Air       #.......     75%         4    #####..
 Lightning Bolt           Conj/Air       #.........   97%         5    ######.


Dungeon Overview and Level Annotations

Branches:
Dungeon (11/15)            Temple (1/1) D:4            Lair (6/6) D:10
 Shoals (0/4) Lair:3       Spider (0/4) Lair:4        Slime (0/5) Lair:5
    Orc: D:9-12

Altars:
Ashenzari
Cheibriados
Dithmenos
Elyvilon
Fedhas
Gozag
Hepliaklqana
Kikubaaqudgha
Makhleb
Nemelex Xobeh
Okawaru
Qazlal
Ru
Sif Muna
Trog
Uskayaw
Vehumet
Wu Jian
Xom
Yredelemnul
Zin
The Shining One

Shops:
D:4 [   D:9 *

Annotations:
D:3 2 runed translucent doors, Borgoz's ghost, amateur KoEn
D:4 3 runed translucent doors, Hylith's ghost, amateur DrFE; Iflex's ghost, amateur MfGl; Kairos's ghost, novice VSAs; sebov's ghost, amateur CeWr
D:5 3 runed translucent doors, DungeonDestroyer's ghost, novice GnSk
D:9 2 transporters, esteth's ghost, novice GnFE


Innate Abilities, Weirdness & Mutations

You have sharp toenails.
You are completely covered in icy blue scales. (AC +4, rC+)
You sometimes gain power by taking damage.
You are partially covered in sharp spines.


Message History

Magic courses through your body.
The dire elephant tramples you but does no damage.
The dire elephant trunk-slaps you but does no damage.
The dire elephant tramples you!
* * * LOW HITPOINT WARNING * * *
You hold your ground!
The dire elephant trunk-slaps you!
* * * LOW HITPOINT WARNING * * *
The dire elephant closely misses you. The dire elephant barely misses you.
You step out of the flow of time.
You return to the normal time flow.
You feel somewhat more hungry.
The dire elephant trumpets!
The dire elephant tramples you!
* * * LOW HITPOINT WARNING * * *
You hold your ground!
The dire elephant barely misses you.
The dire elephant trumpets!
As you read the scroll of fear, it crumbles to dust.
You assume a fearsome visage.
The dire elephant resists with some effort.
The dire elephant looks frightened!
The dire elephant tramples you!!
You die...

#....#.⌠.'..........
#..Y.#8..'..........
....##8.#..........
#''####.#.......#..
##≈≈≈.##.#.......###
#≈≈≈≈≈.#.#.......#P.
#≈≈≈≈≈≈#.#.......##.
#.Y≈≈≈##.#..........
##P@.≈#..#..........
##÷####.##..........
#8.8#...#♣.......#.#
#...#.###........P.#
###..##.##...........#
##.'..#..##............
##..'..#.##♣........<...
#..#####.# ♣............
#...#8...# #♣........P..


You could see 2 dire elephants.

Vanquished Creatures
  Josephine (Lair:4)
  4 hydras
  Erolcha (D:11)
  A catoblepas (Lair:5)
  An anaconda (Lair:6)
  A two-headed ogre (Volcano)
  Urug (Lair:5)
  3 death yaks (Lair:6)
  Nergalle (Lair:1)
  2 unseen horrors (D:11)
  Pikel (D:9)
  An orc knight (Bailey)
  3 lindwurms
  A salamander (Volcano)
  2 oklob plants (Lair:1)
  A manticore (D:11)
  8 elephants
  6 black mambas
  2 centaur zombies (D:10)
  2 gargoyles
  14 spiny frogs
  2 torpor snails
  3 rime drakes
  An efreet (Volcano)
  8 komodo dragons
  2 ice devils (Lair:6)
  A queen bee (Lair:3)
  2 trolls
  3 jumping spiders (Lair:4)
  A polar bear (Lair:5)
  4 tyrant leeches (D:11)
  21 blink frogs
  9 hippogriffs
  A redback (Lair:4)
  21 yaks
  6 wraiths
  A spriggan (D:8)
  4 wyverns
  4 basilisks
  4 fire bats (D:11)
  3 chaos spawn
  2 humans (D:9)
  2 hungry ghosts (D:11)
  2 steam dragons
  15 water moccasins
  5 hell hounds
  7 porcupines
  2 sky beasts
  3 slaves (D:9)
  5 orc warriors
  An ice beast (D:8)
  2 necrophages
  2 phantoms (D:8)
  8 ogres
  6 wolves
  15 crocodiles
  5 centaurs
  A big kobold (D:8)
  A gnoll sergeant (D:9)
  13 bullfrogs
  4 scorpions
  A wyvern skeleton (D:11)
  29 killer bees (Lair:3)
  A water moccasin skeleton (D:5)
  9 wights
  4 howler monkeys
  An electric eel (Lair:1)
  6 crimson imps
  2 bullfrog zombies
  4 jellies
  3 orc priests
  4 bullfrog skeletons
  2 centaur skeletons
  8 hounds
  10 orc wizards
  4 iguanas
  2 hell rats (D:11)
  10 worker ants
  A killer bee zombie (D:10)
  2 hound zombies
  A hound skeleton (D:8)
  2 mummies (D:10)
  A howler monkey zombie (D:8)
  20 gnolls
  16 adders
  5 river rats
  3 shadow imps
  5 oozes
  2 adder skeletons
  8 worms
  3 dart slugs
  3 leopard geckos
  40 orcs
  8 giant cockroaches
  3 goblins
  17 hobgoblins
  12 jackals
  7 quokkas
  8 bats
  3 frilled lizards
  27 kobolds
  2 leopard gecko skeletons
  A quokka zombie (D:5)
  14 rats
  4 plants
577 creatures vanquished.

Vanquished Creatures (others)
  A two-headed ogre (Volcano)
  A bullfrog skeleton (D:9)
  A jackal (D:11)
  6 fungi
  6 plants
15 creatures vanquished.

Grand Total: 592 creatures vanquished

Notes
Turn   | Place    | Note
-------+----------+-------------------------------------------
     0 | D:1      | night the Demonspawn Monk began the quest for the Orb.
     0 | D:1      | Reached XP level 1. HP: 18/18 MP: 1/1
   329 | D:1      | Reached skill level 3 in Unarmed Combat
   344 | D:1      | Gained mutation: You are partially covered in icy blue
                  | scales. (AC +2) [demonic ancestry]
   344 | D:1      | Reached XP level 2. HP: 7/24 MP: 2/2
  1351 | D:1      | Gained mutation: You are mostly covered in icy blue scales.
                  | (AC +3) [demonic ancestry]
  1351 | D:1      | Reached XP level 3. HP: 28/29 MP: 3/3
  1400 | D:2      | Reached skill level 4 in Unarmed Combat
  1590 | D:2      | Reached XP level 4. HP: 29/35 MP: 4/4
  2384 | D:2      | Found a deep blue altar of Sif Muna.
  2400 | D:2      | Found an ancient bone altar of Kikubaaqudgha.
  2492 | D:2      | Reached skill level 5 in Unarmed Combat
  3027 | D:3      | Found a snail-covered altar of Cheibriados.
  3044 | D:3      | Became a worshipper of Cheibriados the Contemplative
  3044 | D:3      | Reached * piety under Cheibriados
  3044 | D:3      | Reached ** piety under Cheibriados
  3120 | D:3      | Found a burning altar of Makhleb.
  3130 | D:3      | Found a shattered altar of Ashenzari.
  3444 | D:3      | Noticed Borgoz's ghost (amateur KoEn)
  3445 | D:3      | Found a large runed translucent door.
  3445 | D:3      | Found a large runed translucent door.
  4001 | D:4      | Gained mutation: You sometimes gain a little power by
                  | taking damage. [demonic ancestry]
  4001 | D:4      | Reached XP level 5. HP: 41/41 MP: 5/5
  4006 | D:4      | Reached skill level 1 in Invocations
  4378 | D:4      | Found Zaseum's Antique Armour Shop.
  4409 | D:4      | Found a staircase to the Ecumenical Temple.
  4428 | Temple   | Entered the Ecumenical Temple
  4609 | D:4      | Gained mutation: You are partially covered in sharp spines.
                  | [demonic ancestry]
  4609 | D:4      | Reached XP level 6. HP: 37/47 MP: 3/7
  4663 | D:4      | Reached skill level 6 in Unarmed Combat
  5130 | D:4      | Found a runed translucent gate.
  5131 | D:4      | Found a runed translucent gate.
  5132 | D:4      | Found a runed translucent gate.
  5133 | D:4      | Noticed Hylith's ghost (amateur DrFE)
  5133 | D:4      | Noticed sebov's ghost (amateur CeWr)
  5133 | D:4      | Noticed Kairos's ghost (novice VSAs)
  5134 | D:4      | Noticed Iflex's ghost (amateur MfGl)
  5261 | D:5      | Entered Level 5 of the Dungeon
  5295 | D:5      | Reached *** piety under Cheibriados
  5422 | D:5      | Found a runed translucent gate.
  5422 | D:5      | Found a runed translucent gate.
  5422 | D:5      | Found a runed translucent gate.
  5423 | D:5      | Noticed DungeonDestroyer's ghost (novice GnSk)
  5563 | D:5      | Gained mutation: You sometimes gain power by taking damage.
                  | [demonic ancestry]
  5563 | D:5      | Reached XP level 7. HP: 43/52 MP: 6/10
  5912 | D:5      | Reached skill level 7 in Unarmed Combat
  6004 | D:6      | Noticed a hippogriff
  6013 | D:6      | Killed a hippogriff
  6013 | D:6      | Reached skill level 5 in Invocations
  6247 | D:6      | Reached XP level 8. HP: 25/58 MP: 5/12
  6255 | D:6      | Reached skill level 8 in Unarmed Combat
  6718 | D:7      | Reached **** piety under Cheibriados
  6884 | D:7      | Reached skill level 9 in Unarmed Combat
  7590 | D:8      | Reached XP level 9. HP: 61/63 MP: 12/15
  7630 | D:8      | Found a shadowy altar of Dithmenos.
  7706 | D:8      | Reached ***** piety under Cheibriados
  7895 | D:8      | Reached skill level 10 in Unarmed Combat
  8443 | D:8      | Reached skill level 11 in Unarmed Combat
  8464 | D:8      | Got a jewelled hand axe
  8465 | D:8      | Identified the +7 hand axe "Myoghif" {chop, +Fly rElec
                  | rN+++ Dex-4} (You found it on level 8 of the Dungeon)
  8739 | D:9      | Noticed Pikel
  8781 | D:9      | Killed Pikel
  8781 | D:9      | Reached skill level 10 in Invocations
  8781 | D:9      | Reached XP level 10. HP: 62/70 MP: 17/17
  8920 | D:9      | Found an iron altar of Okawaru.
  9167 | D:9      | Got a transparent robe
  9178 | D:9      | Identified the +2 robe of the Worm {-Cast +Blink rF+ rC+}
                  | (You found it on level 9 of the Dungeon)
  9461 | D:9      | Found Liebb's Assorted Antiques.
  9673 | D:9      | Found a transporter.
  9674 | D:9      | Noticed esteth's ghost (novice GnFE)
  9674 | D:9      | Noticed a two-headed ogre
  9675 | D:9      | Identified the +7 great mace "Umofom" {venom, rF++ Int-3}
  9675 | D:9      | Identified the +9 dire flail of Wyrd {freeze, Int+3 Dex+4}
  9675 | D:9      | Noticed a two-headed ogre
  9676 | D:9      | Found a transporter.
  9676 | D:9      | Noticed a two-headed ogre
  9715 | D:10     | Entered Level 10 of the Dungeon
  9738 | D:9      | Reached skill level 12 in Unarmed Combat
 10000 | D:10     | Found a shimmering altar of Xom.
 10001 | D:10     | Found the +7 mace of Variability {chain chaos}
 10339 | D:10     | Found a flagged portal.
 10346 | D:10     | Found a staircase to the Lair.
 10351 | Bailey   | Entered a bailey
 10361 | Bailey   | Reached ****** piety under Cheibriados
 10516 | Bailey   | Noticed an orc knight
 10696 | Bailey   | Killed an orc knight
 10696 | Bailey   | Reached skill level 5 in Fighting
 11117 | D:9      | Bought a runed cloak for 240 gold pieces
 11125 | D:9      | Identified a scroll of acquirement
 11353 | D:10     | Reached skill level 1 in Armour
 11365 | D:10     | Noticed a gargoyle
 11379 | D:10     | Killed a gargoyle
 11384 | D:10     | Gained mutation: You have sharp toenails. [demonic
                  | ancestry]
 11384 | D:10     | Reached XP level 11. HP: 62/80 MP: 14/18
 11739 | D:11     | Reached skill level 13 in Unarmed Combat
 12199 | D:11     | Noticed a lindwurm
 12207 | D:11     | Killed a lindwurm
 12642 | D:11     | Noticed a lindwurm
 12648 | D:11     | Killed a lindwurm
 12762 | D:11     | Found the +2 Maxwell's thermic engine {flame, freeze}
 13123 | D:11     | Reached skill level 14 in Unarmed Combat
 13128 | D:11     | Noticed an unseen horror
 13133 | D:11     | Noticed an unseen horror
 13142 | D:11     | Killed an unseen horror
 13167 | D:11     | Killed an unseen horror
 13167 | D:11     | Reached skill level 5 in Armour
 13182 | D:11     | Noticed Erolcha
 13188 | D:11     | Paralysed by Erolcha for 6 turns
 13200 | D:11     | Killed Erolcha
 13514 | Lair:1   | Entered Level 1 of the Lair of Beasts
 13804 | Lair:1   | Gained mutation: You are completely covered in icy blue
                  | scales. (AC +4, rC+) [demonic ancestry]
 13804 | Lair:1   | Reached XP level 12. HP: 86/86 MP: 19/19
 13829 | Lair:1   | Noticed Nergalle
 13851 | Lair:1   | Killed Nergalle
 14388 | Lair:1   | Noticed a five-headed hydra
 14395 | Lair:1   | Killed a five-headed hydra
 14396 | Lair:1   | Reached skill level 15 in Unarmed Combat
 14808 | Lair:1   | Got a scorched arbalest
 14809 | Lair:1   | Identified the +1 arbalest of the Distant Future {penet,
                  | rF- Str+2 Int+6 Stlth+} (You found it on level 1 of the
                  | Lair of Beasts)
 16053 | Lair:3   | Reached skill level 16 in Unarmed Combat
 16277 | Lair:3   | Reached XP level 13. HP: 79/92 MP: 17/20
 16368 | Lair:3   | Found a staircase to the Shoals.
 17950 | Lair:4   | Found a hole to the Spider Nest.
 18206 | Lair:4   | Noticed Josephine
 18216 | Lair:4   | Killed Josephine
 18216 | Lair:4   | Reached skill level 17 in Unarmed Combat
 18434 | Lair:4   | Found an ancient bone altar of Kikubaaqudgha.
 18705 | Lair:5   | Found a staircase to the Slime Pits.
 18791 | Lair:5   | Found a dark tunnel.
 18800 | Volcano  | Entered a volcano
 19825 | D:4      | Bought a pair of ichor-stained gloves for 228 gold pieces
 19835 | D:4      | Identified the cursed -1 pair of gloves of the Other World
                  | {+Inv rElec MP-9 Str-2} (You bought it in a shop on level 4
                  | of the Dungeon)
 20455 | Lair:5   | Noticed Urug
 20473 | Lair:5   | Killed Urug
 20666 | Lair:5   | Found a shattered altar of Ashenzari.
 21023 | Lair:6   | Entered Level 6 of the Lair of Beasts
 21034 | Lair:6   | Reached XP level 14. HP: 74/98 MP: 15/21
 21044 | Lair:6   | Reached skill level 10 in Armour
 21837 | Lair:6   | Reached skill level 18 in Unarmed Combat
 22393 | Lair:6   | Mangled by a dire elephant

Skill      XL: |  1  2  3  4  5  6  7  8  9 10 11 12 13 14 |
---------------+-------------------------------------------+-----
Unarmed Combat | 3 4 5 6 7 9 11 12 14 16 17 18 | 18.1
Invocations    | 2 4 5 8 10 | 10.2
Fighting       | 5 |  5.4
Armour         | 1 5 8 9 10 | 10.5
Dodging        | |  2.6
Stealth        | |  1.7

Action                   |  1- 3 |  4- 6 |  7- 9 | 10-12 | 13-15 || total
-------------------------+-------+-------+-------+-------+-------++-------
Melee: Unarmed           |   151 |   253 |   289 |   629 |   437 ||  1759
       Punch             |     3 |     8 |    18 |    77 |    70 ||   176
 Fire: Hunting sling     |       |       |     5 |       |       ||     5
       Shortbow          |       |       |     9 |    57 |    27 ||    93
Throw: Stone             |       |       |     5 |       |       ||     5
Invok: Bend Time         |       |       |     1 |     1 |       ||     2
       Slouch            |       |       |       |     7 |     4 ||    11
       Step From Time    |       |       |       |       |     1 ||     1
Evoke: Lightning rod     |       |       |       |       |     3 ||     3
  Use: Scroll            |       |     8 |     1 |    12 |     4 ||    25
       Potion            |       |       |       |     2 |     2 ||     4
 Stab: Sleeping          |     1 |       |     1 |     5 |     1 ||     8
       Invisible         |       |       |       |       |     2 ||     2
  Eat: Chunk             |     2 |     9 |     5 |    12 |    12 ||    40
       Ration            |       |       |       |     1 |       ||     1
Armor: Robe              |     8 |       |       |       |       ||     8
       Ring mail         |    44 |    22 |       |       |       ||    66
       Scale mail        |       |    57 |   102 |   287 |   270 ||   716
Dodge: Dodged            |    84 |   115 |   117 |   371 |   276 ||   963
